 Dungeon Crawl Stone Soup version 0.30-a0-154-gb106f4c828 (webtiles) character file.

Game seed: 5404087098273898823

28 Aibolit the Vexing (level 3, 0/29 HPs)
             Began as a Hill Orc Hexslinger on Sept 27, 2022.
             Was an Initiate of Cheibriados.
             Slain by Terence
             ... wielding a +0 flail of protection
              (3 damage)
             ... on level 2 of the Dungeon.
             The game lasted 00:01:52 (1051 turns).

Aibolit the Vexing (Hill Orc Hexslinger)            Turns: 1051, Time: 00:01:53

Health: 0/29       AC:  2    Str: 25    XL:     3   Next: 12%
Magic:  4/4        EV: 12    Int: 14    God:    Cheibriados [......]
Gold:   62         SH:  0    Dex: 14    Spells: 3/4 levels left

rFire   . . .      SeeInvis .    a - +1 sling
rCold   . . .      Faith    .    (no shield)
rNeg    . . .      Spirit   .    c - +0 robe
rPois   .          Reflect  .    (no helmet)
rElec   .          Harm     .    (no cloak)
rCorr   .          Rampage  .    (no gloves)
Will    .....                    (no boots)
Stlth   +.........               (no amulet)
HPRegen 0.09/turn                e - +6 ring of strength
MPRegen 0.09/turn                i - +6 ring of strength

@: very slow
A: no striking features
a: Renounce Religion


You were on level 2 of the Dungeon.
You worshipped Cheibriados.
Cheibriados was noncommittal.
You visited 1 branch of the dungeon, and saw 2 of its levels.

You collected 62 gold pieces.

Inventory:

Hand Weapons
 a - a +1 sling (weapon)
Armour
 c - a +0 robe (worn)
Magical Staves
 h - a staff of air
Jewellery
 e - a +6 ring of strength (left hand)
 i - a +6 ring of strength (right hand)
Scrolls
 b - a scroll of identify {unknown}
 d - a scroll of enchant weapon {unknown}
 j - a scroll of amnesia {unknown}
 k - a scroll of silence {unknown}
Potions
 f - a potion of mutation {unknown}
 g - a potion of haste {unknown}


   Skills:
 + Level 1.9 Fighting
 + Level 2.1 Ranged Weapons
 + Level 1.9 Dodging
 + Level 1.3 Spellcasting
 + Level 3.2 Hexes


You had 3 spell levels left.
You knew the following spells:

 Your Spells              Type           Power      Damage    Failure   Level
a - Slow                  Hex            40%        N/A       7%          1

Your spell library contained the following spells:

 Spells                   Type           Power      Damage    Failure   Level
 Inner Flame              Hex/Fire       5%         N/A       36%         3
 Portal Projectile        Hex/Tloc       10%        N/A       36%         3
 Cause Fear               Hex            5%         N/A       54%         4


Dungeon Overview and Level Annotations

Branches:
Dungeon (2/15)

Altars:
Cheibriados

Annotations:
D:2 Terence


Message History

No target in view!
No target in view!
No target in view!
There is a snail-covered altar of Cheibriados here.
You kneel at the altar of Cheibriados.
Cheibriados welcomes you!
Cheibriados begins to support your attributes as your movement slows.
Cheibriados is now slowing the effects of poison on you.
k - a scroll labelled TARRUU SIUCH No target in view!
No target in view!
Found a scroll of poison.
No target in view!
No target in view!
No target in view!
Terence the Incautious comes into view.
He is wielding a +0 flail of protection.
Terence shouts!
A giant cockroach comes into view.
You shoot a sling bullet. The sling bullet barely misses Terence.
Terence says, "How do you enjoy it?"
Terence hits you with a +0 flail of protection!
You shoot a sling bullet.
The sling bullet hits Terence but does no damage.
Terence hits you with a +0 flail of protection.
You are too injured to fight recklessly!
You are too injured to fight recklessly!
You are too injured to fight recklessly!
Fire: a) +1 sling
Press: ? - help, Q - select action, (/) - cycle Shift-Dir - straight line, f/p - Terence
Aim: Terence, wielding a +0 flail of protection and wearing a +0 ring mail (61% to hit)
You shoot a sling bullet. The sling bullet barely misses Terence.
Terence hits you with a +0 flail of protection!
* * * LOW HITPOINT WARNING * * *
Terence misses you.
Terence hits you with a +0 flail of protection.
* * * LOW HITPOINT WARNING * * *
Terence closely misses you. Terence attacks as you move away!
Terence barely misses you.
Terence hits you with a +0 flail of protection.
You die...

##...###
####....##
##..###
#....##..##
###..##
#.##......#
###...##
#.........#
....###
#.........#
.####
#..._.....# ##
#####......##.#
#..........#
..#
#.....@.#### .#
#....B@## .
#......# #
#......#
######.# #.#
#.# #.# #.#


You could see Terence and a giant cockroach.

Vanquished Creatures
  A dart slug (D:1)
  2 bats (D:1)
  An endoplasm (D:1)
  4 hobgoblins (D:1)
  3 jackals (D:1)
  A quokka (D:1)
  A ball python (D:1)
  6 frilled lizards (D:1)
  2 goblins (D:1)
  A kobold (D:2)
  3 rats (D:1)
25 creatures vanquished.

Notes
Turn   | Place    | Note
-------+----------+-------------------------------------------
     0 | D:1      | Aibolit the Hill Orc Hexslinger began the quest for the
                  | Orb.
     0 | D:1      | Reached XP level 1. HP: 16/16 MP: 2/2
   241 | D:1      | Reached XP level 2. HP: 13/23 MP: 3/3
   378 | D:1      | Found a faded altar of an unknown god.
   764 | D:1      | Reached XP level 3. HP: 29/29 MP: 4/4
  1005 | D:2      | Found a snail-covered altar of Cheibriados.
  1020 | D:2      | Became a worshipper of Cheibriados the Contemplative
  1036 | D:2      | Noticed Terence
  1051 | D:2      | Slain by Terence

Illustrated notes

Levels and vault maps discovered:
D:1:      minmay_arrival_open_corners, layout_basic,
          dreamdust_ecumenical_altar_statues, corner_web_ring,
          palyth_stone_intersect
D:2:      layout_rooms, basic_altar, uniq_terence

Skill      XL: |  1  2 |
---------------+-------+-----
Ranged Weapons | 2 |  2.1
Fighting       | |  1.9
Dodging        | |  1.9
Spellcasting   | |  1.3
Hexes          | |  3.2

Action                   || total
-------------------------++-------
 Fire: Sling             ||    73
 Cast: Slow              ||     1
  Use: Scroll            ||     1
Armor: Robe              ||     7
Dodge: Dodged            ||    26

Table legend: (Time is in decaauts)
 A = Elapsed time spent in this place.
 B = Non-inter-level travel time spent in this place.
 C = Inter-level travel time spent in this place.
 D = Time resting spent in this place.
 E = Time spent auto-exploring this place.
 F = Levels seen in this place.
 G = Mean time per level.
                   A        B        C        D        E       F      G
               +--------+--------+--------+--------+--------+-----+--------+
         Total |   1078 |   1006 |     72 |      0 |    849 |   2 |  539.0 |
       Dungeon |   1078 |   1006 |     72 |      0 |    849 |   2 |  539.0 |
               +--------+--------+--------+--------+--------+-----+--------+

Top non-repeatable levels by time:
     D:1: 982 daAuts
     D:2: 96 daAuts
